 Dungeon Crawl Stone Soup version 0.27-a0-385-g3208abaabc (webtiles) character file.

Game seed: 1982487197789007533

9 kae the Insei (level 2, -2/21 HPs)
             Began as a Demonspawn Transmuter on Feb 19, 2021.
             Slain by a hobgoblin
             ... wielding a +0 club
              (4 damage)
             ... on level 1 of the Dungeon.
             The game lasted 00:00:15 (70 turns).

kae the Insei (Demonspawn Transmuter)                 Turns: 70, Time: 00:00:15

Health: -2/21      AC:  2    Str: 10    XL:     2   Next: 6%
Magic:  5/5        EV: 12    Int: 14    God:
Gold:   0          SH:  4    Dex: 13    Spells: 4/5 levels left

rFire    . . .     SeeInvis .     - Unarmed
rCold    . . .     Faith    .   (no shield)
rNeg     . . .     Spirit   .   a - +0 robe
rPois    .         Reflect  .   (no helmet)
rElec    .         Harm     .   (no cloak)
rCorr    .         Rampage  .   (no gloves)
Will     .....                  (no boots)
Stlth    +.........             (no amulet)
HPRegen  0.07/turn              (no ring)
MPRegen  0.09/turn              (no ring)

@: no status effects
A: large bone plates 1
a: no special abilities


You were on level 1 of the Dungeon.
You visited 1 branch of the dungeon, and saw 1 of its levels.

Inventory:

Armour
 a - a +0 robe (worn)


   Skills:
 + Level 1.2 Fighting
 + Level 1.8 Dodging
 * Level 2.8 Unarmed Combat
 + Level 2.0 Spellcasting
 * Level 2.0 Transmutations


You had 4 spell levels left.
You knew the following spells:

 Your Spells              Type           Power        Failure   Level
a - Beastly Appendage     Tmut           14%          10%         1

Your spell library contained the following spells:

 Spells                   Type           Power        Failure   Level
 Wereblood                Tmut           7%           16%         2
 Spider Form              Tmut/Pois      2%           43%         3
 Ice Form                 Ice/Tmut       4%           83%         4
 Blade Hands              Tmut           3%           95%         5


Dungeon Overview and Level Annotations

Branches:
Dungeon (1/15)

Altars:


Innate Abilities, Weirdness & Mutations

You are partially covered in large bone plates. (SH +4)


Message History

Your transformation is almost over.
The bat barely misses you.
The kobold throws a stone.
The stone hits you.
* * * LOW HITPOINT WARNING * * *
You are too injured to fight recklessly!
You are too injured to fight recklessly!
The bat closely misses you. The bat barely misses you.
The kobold barely misses you. The bat closely misses you.
You closely miss the kobold. Your headbutt misses the kobold.
The kobold is severely wounded.
The kobold closely misses you.
You hit the kobold.
You kill the kobold!
The bat hits you but does no damage.
You have reached level 2!
Your demonic ancestry asserts itself...
Large bone plates grow over parts of your arms.
You hit the bat.
You kill the bat!
The hobgoblin hits you but does no damage.
You see here 3 stones.
You closely miss the hobgoblin.
The hobgoblin hits you but does no damage.
You hit the hobgoblin but do no damage.
Your horns disappear.
Your talons disappear.
The hobgoblin closely misses you.
You hit the hobgoblin but do no damage. You block the hobgoblin's attack.
You hit the hobgoblin.
The hobgoblin is severely wounded.
The hobgoblin barely misses you.
You barely miss the hobgoblin.
The hobgoblin is severely wounded.
The hobgoblin hits you with a +0 club.
* * * LOW HITPOINT WARNING * * *
You hit the hobgoblin but do no damage.
The hobgoblin is severely wounded.
You closely miss the hobgoblin.
The hobgoblin is severely wounded.
The hobgoblin hits you with a +0 club.
You die...

#≈≈.≈.≈≈#....###.# .# .
#≈≈...≈≈#.#...##.# .# .
..≈.<.≈...#....!.# .#.#
#≈≈...≈≈###..###.###.#>##.
#§§§≈.≈≈# #.## #..........
#≈.≈≈≈.§# #.####......(...
##+###+## #.......†.......
######g..#.####. #@#....#
#.###...# #..# .#.... ##.#
###.. .# #. .# =. .. #..


You could see a hobgoblin.

Vanquished Creatures
  An ooze (D:1)
  A giant cockroach (D:1)
  2 bats (D:1)
  A kobold (D:1)
  A rat (D:1)
6 creatures vanquished.

Notes
Turn   | Place    | Note
-------+----------+-------------------------------------------
     0 | D:1      | kae the Demonspawn Transmuter began the quest for the Orb.
     0 | D:1      | Reached XP level 1. HP: 15/15 MP: 3/3
    62 | D:1      | Gained mutation: You are partially covered in large bone
                  | plates. (SH +4) [demonic ancestry]
    62 | D:1      | Reached XP level 2. HP: 7/21 MP: 5/5
    70 | D:1      | Slain by a hobgoblin

Illustrated notes

Levels and vault maps discovered:
D:1:      ncdulo_lavacross, layout_rooms, wander_ebering_terrifying_dragon_lair

Skill      XL: |  1 |
---------------+----+-----
Transmutations | 2 |  2.0
Fighting       | |  1.2
Dodging        | |  1.8
Unarmed Combat | |  2.8
Spellcasting   | |  2.0

Action                   || total
-------------------------++-------
Melee: Unarmed           ||    24
       Kick              ||     3
       Punch             ||     1
 Cast: Beastly Appendage ||     3
Armor: Robe              ||    12
Dodge: Dodged            ||    30
Block: Other             ||     1

Table legend: (Time is in decaauts)
 A = Elapsed time spent in this place.
 B = Non-inter-level travel time spent in this place.
 C = Inter-level travel time spent in this place.
 D = Time resting spent in this place.
 E = Time spent auto-exploring this place.
 F = Levels seen in this place.
 G = Mean time per level.
                   A        B        C        D        E       F      G
               +--------+--------+--------+--------+--------+-----+--------+
         Total |     68 |     68 |      0 |      0 |     15 |   1 |   68.0 |
       Dungeon |     68 |     68 |      0 |      0 |     15 |   1 |   68.0 |
               +--------+--------+--------+--------+--------+-----+--------+

Top non-repeatable levels by time:
     D:1: 68 daAuts
